 Dungeon Crawl Stone Soup version 0.28-a0-425-gd0eccab798 (webtiles) character file.

Game seed: 9347708310992839183

7915 Cercoroba the Grappler (level 11, 0/107 HPs)
             Began as a Troll Berserker on Sept 9, 2021.
             Was a High Priest of Trog.
             Succumbed to a black mamba's poison
             ... on level 1 of the Lair of Beasts.
             The game lasted 00:46:45 (11204 turns).

Cercoroba the Grappler (Troll Berserker)           Turns: 11204, Time: 00:46:48

Health: 0/107      AC:  4    Str: 30    XL:     11   Next: 3%
Magic:  10/10      EV: 11    Int:  3    God:    Trog [*****.]
Gold:   385        SH:  0    Dex:  9    Spells: 10/10 levels left

rFire   + . .      SeeInvis .   M - +5 falchion
rCold   . . .      Faith    .   (no shield)
rNeg    . . .      Spirit   .   a - +0 animal skin
rPois   .          Reflect  .   (helmet restricted)
rElec   .          Harm     .   (no cloak)
rCorr   .          Rampage  .   (gloves unavailable)
Will    .....                   (boots unavailable)
Stlth   ++........              d - amulet of the acrobat
HPRegen 1.27/turn               l - +4 ring of slaying
MPRegen 0.12/turn               f - ring of protection from fire

@: mighty, lethally poisoned (0 -> -5), on berserk cooldown, slowed, very slow
A: large, unfitting armour, claws 3, regeneration 1, shaggy fur 1, tough skin 1
a: Renounce Religion, Berserk, Trog's Hand, Brothers in Arms


You were on level 1 of the Lair of Beasts.
You worshipped Trog.
Trog was extremely pleased with you.
You visited 3 branches of the dungeon, and saw 10 of its levels.
You visited the Abyss 1 time.

You collected 385 gold pieces.

Inventory:

Hand Weapons
 n - a +0 spear of distortion
 o - a +2 vorpal hand axe
 t - a +0 spear of freezing
 v - a +3 scimitar of holy wrath
 A - a +0 shortbow of flaming
 D - a +3 halberd
 G - a +0 arbalest
 J - a +2 flail of freezing
 K - a +4 battleaxe
 M - a +5 falchion (weapon)
 N - a +3 halberd
Missiles
 b - 3 large rocks
 k - a throwing net
 B - 71 arrows
 E - 150 stones
Armour
 a - a +0 animal skin (worn)
Magical Staves
 p - a staff of death
Jewellery
 d - an amulet of the acrobat (around neck)
 f - a ring of protection from fire (right claw)
 l - a +4 ring of slaying (left claw)
Wands
 g - a wand of charming (10) (quivered)
 h - a wand of iceblast (9)
 I - a wand of digging (5)
Scrolls
 j - a scroll of immolation
 x - 2 scrolls of enchant armour
 y - a scroll of summoning {unknown}
 C - 3 scrolls of vulnerability
 F - 3 scrolls of amnesia
 H - a scroll of torment
 L - a scroll of teleportation
Potions
 c - 3 potions of curing
 e - a potion of resistance {unknown}
 i - a potion of might
 m - 2 potions of brilliance {unknown}
 r - 3 potions of invisibility {unknown}
 s - a potion of magic {unknown}
 u - a potion of lignification {unknown}
 w - 2 potions of cancellation {unknown}
 z - a potion of ambrosia {unknown}
 O - a potion of degeneration {unknown}


   Skills:
 + Level 6.4 Fighting
 + Level 8.0 Long Blades
 + Level 6.8 Dodging
 + Level 2.7 Stealth
 + Level 8.2 Unarmed Combat
 + Level 2.4 Evocations


You had 10 spell levels left.
You didn't know any spells.
Your spell library was empty.

Dungeon Overview and Level Annotations

Branches:
Dungeon (8/15)             Temple (1/1) D:6            Lair (1/6) D:8

Altars:
Elyvilon
Xom
The Shining One


Innate Abilities, Weirdness & Mutations

You are too large for most types of armour.
You have claws for hands.
Your natural rate of healing is unusually fast.
You are covered in fur. (AC +1)
You have tough skin. (AC +1)


Message History

You are poisoned.
The black mamba poisons you!
You have reached level 11!
You feel better. The black mamba misses you.
The black mamba completely misses you.
You miss the black mamba. The black mamba bites you. The black mamba bites you!
You are poisoned.
The black mamba poisons you!
The black mamba bites you but does no damage.
You barely miss the black mamba.
You feel extremely sick. The black mamba barely misses you.
The black mamba bites you!
You slash the black mamba!
The black mamba is moderately wounded.
You feel very sick. The black mamba bites you!
The black mamba barely misses you. The black mamba bites you!
* * * LOW HITPOINT WARNING * * *
You are lethally poisoned!
The black mamba poisons you!
As you read the scroll of teleportation, it crumbles to dust.
You feel strangely unstable.
* * * LOW HITPOINT WARNING * * *
You feel extremely sick. The black mamba closely misses you. x2
* * * LOW HITPOINT WARNING * * *
You feel extremely sick. The black mamba barely misses you.
The black mamba bites you.
* * * LOW HITPOINT WARNING * * *
* * * LOW HITPOINT WARNING * * *
You feel very sick. The black mamba misses you.
The black mamba completely misses you.
Blink to where?
Press: ? - help, Dir - move target
As you read the scroll labelled YTAKLE YRACUI, it crumbles to dust.
It was a scroll of blinking.
Your surroundings suddenly seem different.
A cane toad comes into view.
Found a scroll of enchant armour.
You die...

#....##.#
.......#
...###.
......##
...#...
.......#
.......
.......##
F......
........#
.......
#.......###
..?...#
.#.....<..##
##.......
#.###......#
#@...#
##.#.......#
##...#
#........#
......#
##..†...###
......#
##........#
.......
..#.......#
.......
..#P......#
....###
#.......#.#
..#..
#.........#


You could see a cane toad (wandering).

Vanquished Creatures
  Pikel (D:4)
  A cyclops (D:7)
  A cane toad (Lair:1)
  2 komodo dragons (Lair:1)
  A hornet (D:7)
  A raiju (Abyss:1)
  Sigmund (D:2)
  A shadow (D:7)
  5 yaks
  A vampire mosquito (D:7)
  A steam dragon (D:7)
  Menkaure (D:5)
  4 water moccasins (D:7)
  2 orc warriors
  3 sky beasts
  2 ogres
  A black bear (D:7)
  3 ice beasts
  A necrophage (D:6)
  3 centaurs
  6 wolves
  A phantom (D:6)
  A lemure (D:5)
  2 kobold brigands
  5 bullfrogs
  2 gnoll sergeants
  Blork the orc (D:4)
  A scorpion (D:6)
  A wyvern zombie (D:7)
  A water moccasin zombie (D:5)
  3 killer bees (D:8)
  12 wights
  A centaur zombie (D:7)
  A gnoll shaman (D:6)
  2 orc priests (D:6)
  2 hounds
  3 jellies
  2 centaur skeletons
  Jessica (D:2)
  Ijyb (D:5)
  3 orc wizards
  3 killer bee zombies
  A hound zombie (D:5)
  A hound skeleton (D:5)
  Robin (D:4)
  12 gnolls
  A howler monkey skeleton (D:7)
  7 adders
  A white imp (D:5)
  A worm (D:3)
  A dart slug (D:3)
  18 orcs
  8 ball pythons
  8 endoplasms
  3 giant cockroaches
  15 hobgoblins
  4 jackals (D:4)
  13 kobolds
  5 quokkas
  7 bats
  2 frilled lizards (D:2)
  11 goblins
  3 rats (D:3)
214 creatures vanquished.

Vanquished Creatures (others)
  8 fungi
  21 plants
29 creatures vanquished.

Grand Total: 243 creatures vanquished

Notes
Turn   | Place    | Note
-------+----------+-------------------------------------------
     0 | D:1      | Cercoroba the Troll Berserker began the quest for the Orb.
     0 | D:1      | Reached XP level 1. HP: 22/22 MP: 0/0
   138 | D:1      | Reached XP level 2. HP: 29/29 MP: 1/1
   974 | D:2      | Noticed Sigmund
  1478 | D:2      | Reached XP level 3. HP: 36/36 MP: 2/2
  1479 | D:2      | Reached ** piety under Trog
  1668 | D:2      | Noticed Jessica
  1673 | D:2      | Killed Jessica
  1674 | D:2      | Reached XP level 4. HP: 41/44 MP: 3/3
  1840 | D:2      | Killed Sigmund
  1841 | D:2      | Reached skill level 5 in Unarmed Combat
  1841 | D:2      | Reached XP level 5. HP: 20/53 MP: 4/4
  1911 | D:2      | Found a faded altar of an unknown god.
  2297 | D:3      | You fall into a shaft and drop 3 floors!
  2297 | D:6      | Found a staircase to the Ecumenical Temple.
  2301 | Temple   | Entered the Ecumenical Temple
  2417 | D:6      | Cast into level 1 of the Abyss (gnoll sergeant)
  2418 | Abyss:1  | Found a corrupted altar of Lugonu.
  2443 | Abyss:1  | Noticed a raiju
  2444 | Abyss:1  | Noticed a raiju
  2462 | Abyss:1  | Killed a raiju
  2463 | Abyss:1  | Reached XP level 6. HP: 45/61 MP: 5/5
  2467 | D:6      | Escaped the Abyss
  2664 | D:6      | Noticed an ice beast
  2676 | D:5      | Entered Level 5 of the Dungeon
  2703 | D:4      | Reached XP level 7. HP: 67/67 MP: 6/6
  2755 | D:4      | Noticed Pikel
  2835 | D:5      | Found a shimmering altar of Xom.
  2839 | D:5      | Found a shimmering altar of Xom.
  2840 | D:5      | Found a shimmering altar of Xom.
  2844 | D:5      | Noticed Ijyb
  2852 | D:5      | Killed Ijyb
  2987 | D:5      | Reached skill level 1 in Stealth
  3267 | D:5      | Found a shimmering altar of Xom.
  3423 | D:4      | Killed Pikel
  3424 | D:4      | Reached XP level 8. HP: 71/78 MP: 7/7
  3629 | D:4      | Noticed Robin
  3945 | D:4      | Killed Robin
  4029 | D:4      | Reached *** piety under Trog
  4241 | D:4      | Noticed Blork the orc
  4246 | D:4      | Killed Blork the orc
  4247 | D:4      | Reached skill level 1 in Evocations
  4722 | D:4      | Reached skill level 1 in Long Blades
  5548 | D:3      | Found a glowing golden altar of the Shining One.
  6382 | D:5      | Noticed Menkaure
  6390 | D:5      | Killed Menkaure
  6855 | D:6      | Reached XP level 9. HP: 81/85 MP: 8/8
  6858 | D:6      | Reached **** piety under Trog
  7043 | D:6      | Reached skill level 5 in Dodging
  8050 | D:7      | Reached skill level 5 in Fighting
  8050 | D:7      | Reached skill level 5 in Long Blades
  8677 | D:7      | Noticed a cyclops
  8684 | D:7      | Reached XP level 10. HP: 18/96 MP: 9/9
  8908 | D:7      | Killed a cyclops
  9090 | D:7      | Reached ***** piety under Trog
  9177 | D:7      | Identified the +9 quarterstaff of Tohiw {drain, Int+4}
  9548 | D:8      | Found a staircase to the Lair.
 10449 | Lair:1   | Entered Level 1 of the Lair of Beasts
 10635 | Lair:1   | Noticed a cane toad
 10653 | Lair:1   | Killed a cane toad
 11192 | Lair:1   | Noticed a black mamba
 11197 | Lair:1   | Reached XP level 11. HP: 67/107 MP: 10/10
 11203 | Lair:1   | HP: 3/107 [poisoned by a black mamba]
 11204 | Lair:1   | Succumbed to a black mamba's poison

Illustrated notes

Levels and vault maps discovered:
D:1:      sevenhm_arrival_forest_fort_small_3, layout_loops_ring,
          chequers_serial_rivers_room_b, serial_bayou_lagoon_a
D:2:      layout_basic, ebering_ecumenical_altar_box, uniq_jessica, uniq_sigmund
D:3:      layout_rooms, mainiacjoe_overflow_alcove_1
D:4:      minmay_door_path, layout_cave_pods, uniq_pikel, uniq_robin,
          uniq_blork_the_orc
D:5:      layout_gridville, xom_redecorated, grunt_ministairs_8, uniq_ijyb,
          uniq_menkaure
D:6:      layout_cave_pods, minmay_temple_entry_gardened_gates
D:7:      nzn_winding_woodlands_medium [nzn_winding_woodlands_5x5_perimeter,
          nzn_winding_woodlands_5x15_sawtooth,
          nzn_winding_woodlands_5x5_closed_star,
          nzn_winding_woodlands_5x5_three,
          nzn_winding_woodlands_center_triple_pond,
          nzn_winding_woodlands_hourglass, nzn_winding_woodlands_5x5_open_star,
          nzn_winding_woodlands_5x15_concentric,
          nzn_winding_woodlands_5x5_cross], layout_layer_cave
D:8:      layout_gridville, dpeg_oklobed_lair
Temple:   regret_index_temple_waves
Lair:1:   layout_cave_shapes

Skill      XL: |  1  2  3  4  5  6  7  8  9 10 |
---------------+-------------------------------+-----
Dodging        | 3 4 5 6 |  6.8
Unarmed Combat | 4 5 6 7 8 |  8.2
Fighting       | 3 4 5 6 |  6.4
Stealth        | 1 2 |  2.7
Evocations     | 1 2 |  2.4
Long Blades    | 3 6 8 |  8.0

Action                   |  1- 3 |  4- 6 |  7- 9 | 10-12 || total
-------------------------+-------+-------+-------+-------++-------
Melee: Unarmed           |    66 |    60 |    64 |       ||   190
       Punch             |       |     1 |    13 |    10 ||    24
       Scimitar          |       |       |   211 |    62 ||   273
       Falchion          |       |       |       |   103 ||   103
Invok: Berserk           |       |       |     1 |     1 ||     2
       Trog's Hand       |       |       |       |     1 ||     1
Evoke: Wand              |       |     3 |    23 |     5 ||    31
  Use: Scroll            |       |     2 |     7 |     7 ||    16
       Potion            |       |       |       |     5 ||     5
 Stab: Sleeping          |       |     1 |     4 |     1 ||     6
       Distracted        |       |       |       |     1 ||     1
Armor: Animal skin       |    27 |    10 |    57 |    42 ||   136
Dodge: Dodged            |    34 |    22 |   267 |   169 ||   492

Table legend: (Time is in decaauts)
 A = Elapsed time spent in this place.
 B = Non-inter-level travel time spent in this place.
 C = Inter-level travel time spent in this place.
 D = Time resting spent in this place.
 E = Time spent auto-exploring this place.
 F = Levels seen in this place.
 G = Mean time per level.
                   A        B        C        D        E       F      G
               +--------+--------+--------+--------+--------+-----+--------+
         Total |  11276 |  11276 |      0 |   2755 |   4439 |  11 | 1025.1 |
       Dungeon |  10328 |  10328 |      0 |   2312 |   4403 |   8 | 1291.0 |
        Temple |    156 |    156 |      0 |    127 |      0 |   1 |  156.0 |
          Lair |    741 |    741 |      0 |    316 |     36 |   1 |  741.0 |
         Abyss |     49 |     49 |      0 |      0 |      0 |   1 |   49.0 |
               +--------+--------+--------+--------+--------+-----+--------+

Top non-repeatable levels by time:
     D:4: 2299 daAuts
     D:6: 1536 daAuts
     D:7: 1490 daAuts
     D:5: 1308 daAuts
     D:1: 1191 daAuts
     D:2: 1103 daAuts
     D:8: 925 daAuts
  Lair:1: 741 daAuts
     D:3: 473 daAuts
  Temple: 156 daAuts
 Abyss:1: 49 daAuts
